 Dungeon Crawl Stone Soup version 0.19.4 (webtiles) character file.

397 septik the Cudgeler (level 6, -3/37 HPs)
             Began as a Gargoyle Fighter on Feb 2, 2017.
             Slain by an ogre
             ... wielding a +0 giant club
              (18 damage)
             ... on level 4 of the Dungeon.
             The game lasted 00:11:40 (3302 turns).

septik the Cudgeler (Gargoyle Fighter)              Turns: 3302, Time: 00:11:41

Health: -3/37      AC: 21    Str: 17    XL:     6   Next: 83%
Magic:  6/6        EV:  4    Int:  8    God:
Gold:   156        SH:  9    Dex: 11    Spells: 0 memorised, 5 levels left

rFire  . . .     SeeInvis .     s - +0 mace (protect)
rCold  + + .     Gourm    .     i - +0 chain mail
rNeg   + . .     Faith    .     c - +0 shield
rPois  ∞         Spirit   .     g - +0 helmet "Ytuxt" {rC+ rCorr Str-3} (curse)
rElec  +         Reflect  .     (no cloak)
rCorr  +         Harm     .     (no gloves)
MR     .....                    (no boots)
Stlth  ..........               (no amulet)
                                (no ring)
                                q - ring of protection from cold

@: protection aura
A: negative energy resistance 1, electricity resistance, unbreathing,
petrification resistance, rot immunity, AC +4
a: no special abilities


You were on level 4 of the Dungeon.
You were hungry.

You visited 1 branch of the dungeon, and saw 4 of its levels.

You collected 156 gold pieces.

Inventory:

Hand Weapons
 a - a +0 flail
 s - a +0 mace of protection (weapon)
 t - a +0 short sword of holy wrath
Missiles
 l - 85 stones (quivered)
Armour
 b - a +0 scale mail
 c - a +0 shield (worn)
 g - the cursed +0 helmet "Ytuxt" (worn) {rC+ rCorr Str-3}
   (You took it off Robin on level 3 of the Dungeon)

   It affects your strength (-3).
   It protects you from cold.
   It protects you from acid and corrosion.
   It has a curse placed upon it.
 i - a +0 chain mail (worn)
Jewellery
 q - a ring of protection from cold (left hand)
Scrolls
 e - a scroll of noise
 j - 3 scrolls of identify
 k - 2 scrolls of amnesia
 m - a scroll of remove curse {unknown}
 r - a scroll of enchant armour {unknown}
Potions
 d - 2 potions of might
 n - a potion of curing {unknown}
 o - a potion of heal wounds {unknown}
 p - a potion of lignification {unknown}
 u - a potion of degeneration {unknown}
Comestibles
 f - 3 bread rations
 h - a royal jelly
 v - 3 chunks of flesh


   Skills:
 - Level 3.4 Fighting
 + Level 6.8 Maces & Flails
 - Level 3.5 Armour
 - Level 3.4 Shields


You had 5 spell levels left.
You didn't know any spells.

Dungeon Overview and Level Annotations

Branches:
Dungeon (4/15)
 Temple: D:4-7

Altars:
Cheibriados
Elyvilon
Makhleb
Vehumet
Yredelemnul
The Shining One


Innate Abilities, Weirdness & Mutations

You are resistant to torment.
Your stone body is resilient. (AC +4)
You are immune to poison.
You resist negative energy. (rN+)
You are resistant to electric shocks. (rElec)
You can survive without breathing.
You are immune to petrification.
You are immune to rotting.


Message History

Your chain mail prevents you from hitting the ogre.
You block the ogre's attack.
You hit the ogre.
Your weapon exudes an aura of protection.
The ogre is lightly wounded.
You are feeling hungry.
The ogre barely misses you.
You sock the ogre!
The ogre is moderately wounded.
The ogre hits you with a giant club!
You hit the ogre.
The ogre is heavily wounded.
The ogre hits you with a giant club!
You hit the ogre but do no damage.
The ogre is heavily wounded.
The ogre hits you but does no damage.
You hit the ogre but do no damage.
The ogre is heavily wounded.
The ogre hits you with a giant club!!
You die...

.........>.....')/....###+###....
...............#<###..##...##....
#....).##.##.......#...#...##....
#......##<.......#.#.#.#...##....
......##########.#.#.#.#...##....
......# ...#.#.#.#.#....+....
..≈#### #####.#.#.#....#+#.#....
≈≈≈# #.........."............
.≈≈≈≈≈ #####.#@#....#.#.#.##...
≈≈≈≈≈≈# #.#O######...#......
≈≈≈≈### # #..........#..#..#
≈≈≈### ##........#...#..#...
≈≈...## ..........+.#.#..#.##
≈≈....# #........#.#.#..#.#
≈≈....## ####........#.#.#..#.#
.......####..................#.#
.....#.#..'....................#


You could see an ogre.

Vanquished Creatures
  A centaur (D:4)
  A bullfrog (D:3)
  Terence (D:3)
  A worker ant (D:4)
  Robin (D:3)
  9 adders
  A shadow imp (D:3)
  3 worms
  2 dart slugs (D:1)
  2 leopard geckos
  7 orcs
  2 ball pythons
  5 giant cockroaches
  15 goblins
  8 hobgoblins
  7 jackals
  A quokka (D:3)
  8 bats
  7 frilled lizards
  4 kobolds
  4 rats (D:1)
90 creatures vanquished.

Notes
Turn   | Place    | Note
-------+----------+-------------------------------------------
     0 | D:1      | septik the Gargoyle Fighter began the quest for the Orb.
     0 | D:1      | Reached XP level 1. HP: 14/14 MP: 1/1
    73 | D:1      | Reached XP level 2. HP: 19/19 MP: 2/2
   548 | D:1      | Reached XP level 3. HP: 23/23 MP: 3/3
   589 | D:1      | Reached skill level 3 in Maces & Flails
  1248 | D:2      | Reached XP level 4. HP: 27/28 MP: 4/4
  1591 | D:3      | Noticed Robin
  1598 | D:3      | Reached skill level 4 in Maces & Flails
  1617 | D:3      | Killed Robin
  1637 | D:3      | Got a translucent helmet
  1651 | D:3      | Identified the cursed +0 helmet "Ytuxt" {rC+ rCorr Str-3} (You took it off Robin on level 3 of the Dungeon)
  1677 | D:3      | Found a glowing golden altar of the Shining One.
  1687 | D:3      | Noticed Terence
  1744 | D:3      | Killed Terence
  1744 | D:3      | Reached XP level 5. HP: 28/32 MP: 5/5
  1860 | D:3      | Reached skill level 5 in Maces & Flails
  2431 | D:3      | Reached skill level 6 in Maces & Flails
  2431 | D:3      | Reached XP level 6. HP: 18/37 MP: 6/6
  3135 | D:4      | Found a snail-covered altar of Cheibriados.
  3136 | D:4      | Found a basalt altar of Yredelemnul.
  3138 | D:4      | Found a burning altar of Makhleb.
  3143 | D:4      | Found a radiant altar of Vehumet.
  3143 | D:4      | Found a white marble altar of Elyvilon.
  3302 | D:4      | Slain by an ogre

Skill      XL: |  1  2  3  4  5 |
---------------+----------------+-----
Maces & Flails | 3 4 6 |  6.8
Fighting       | |  3.4
Armour         | |  3.5
Shields        | |  3.4

Action                   |  1- 3 |  4- 6 || total
-------------------------+-------+-------++-------
Melee: Flail             |   139 |   238 ||   377
       Mace              |       |    21 ||    21
  Use: Scroll            |       |     4 ||     4
  Eat: Chunk             |     1 |     7 ||     8
Armor: Scale mail        |     9 |       ||     9
       Chain mail        |    74 |   212 ||   286
Dodge: Dodged            |    31 |    58 ||    89
Block: Shield            |    64 |   166 ||   230
